 Dungeon Crawl Stone Soup version 0.26.1-2-gb8aa6d0cf2 (webtiles) character file.

Game seed: 18166882162936649823

833 windgrace the Sneak (level 7, -5/32 HPs)
             Began as a Spriggan Enchanter on Feb 9, 2021.
             Was a Follower of Sif Muna.
             Shot with an arrow by a centaur (9 damage)
             ... on level 6 of the Dungeon.
             The game lasted 00:51:17 (6579 turns).

windgrace the Sneak (Spriggan Enchanter)            Turns: 6579, Time: 00:51:18

Health: -5/32      AC:  4    Str:  4    XL:     7   Next: 66%
Magic:  17/17      EV: 19    Int: 18    God:    Sif Muna [*.....]
Gold:   397        SH:  0    Dex: 17    Spells: 12/19 levels left

rFire    + . .     SeeInvis +   A - +1 rapier (vamp)
rCold    x . .     Faith    .   (shield restricted)
rNeg     . . .     Spirit   .   l - +0 robe
rPois    .         Reflect  .   (helmet restricted)
rElec    .         Harm     .   I - +1 cloak
rCorr    .         Rampage  .   (gloves unavailable)
Will     +....                  (boots unavailable)
Stlth    +++++.....             q - amulet of magic regeneration
HPRegen  0.10/turn              s - ring of stealth
MPRegen  0.40/turn              p - ring of fire

@: very quick
A: very small, unfitting armour, see invisible, speed 3
a: Renounce Religion, Channel Magic


You were on level 6 of the Dungeon.
You worshipped Sif Muna.
Sif Muna was aware of your devotion.
You visited 2 branches of the dungeon, and saw 7 of its levels.

You collected 397 gold pieces.

Inventory:

Hand Weapons
 a - a +1 dagger
 c - a +0 hand axe
 d - a +0 dagger
 o - a +0 hunting sling
 t - a +1 dagger of venom
 A - a +1 vampiric rapier (weapon)
 D - a +0 shortbow
Missiles
 f - 84 stones (quivered)
 E - 36 arrows
Armour
 b - a +0 robe
 l - a +0 robe (worn)
 r - a +0 robe
 I - a +1 cloak (worn)
Jewellery
 j - an uncursed ring of ice
 n - a -4 ring of protection
 p - a ring of fire (right hand)
 q - an amulet of magic regeneration (around neck)
 s - a ring of stealth (left hand)
 y - an uncursed amulet of magic regeneration
Wands
 u - a wand of polymorph (7)
Scrolls
 h - 7 scrolls of identify
 i - 3 scrolls of remove curse
Potions
 e - a potion of haste {unknown}
 g - a potion of degeneration
 z - a potion of mutation {unknown}
 C - 2 potions of lignification {unknown}
 F - a potion of flight {unknown}
 G - a potion of might {unknown}
 H - a potion of brilliance {unknown}


   Skills:
 + Level 0.3 Fighting
 + Level 2.5 Short Blades
 + Level 0.2 Throwing
 + Level 3.7 Dodging
 + Level 7.3 Stealth
 + Level 6.6 Spellcasting
 + Level 5.5 Hexes
 + Level 2.1 Summonings
 + Level 1.4 Ice Magic


You had 12 spell levels left.
You knew the following spells:

 Your Spells              Type           Power        Failure   Level
a - Corona                Hex            28%          1%          1
b - Ensorcelled Hibernat  Hex/Ice        36%          4%          2
c - Tukima's Dance        Hex            26%          3%          3
d - Summon Small Mammal   Summ           52%          4%          1

Your spell library contained the following spells:

 Spells                   Type           Power        Failure   Level
 Confusing Touch          Hex            26%          3%          3
 Dazzling Flash           Conj/Hex       32%          11%         3
 Animate Skeleton         Necr           10%          12%         1
 Apportation              Tloc           10%          12%         1


Dungeon Overview and Level Annotations

Branches:
Dungeon (6/15)             Temple (1/1) D:4

Altars:
Ashenzari
Cheibriados
Elyvilon
Fedhas
Gozag
Hepliaklqana
Kikubaaqudgha
Makhleb
Nemelex Xobeh
Okawaru
Ru
Sif Muna
Trog
Uskayaw
Vehumet
Wu Jian
Yredelemnul
Zin
The Shining One


Innate Abilities, Weirdness & Mutations

You are very small and have problems with some larger weapons.
You are too small for most types of armour.
You have supernaturally acute eyesight. (SInv)
You cover ground extremely quickly.


Message History

Your rat bites the bullfrog.
The bullfrog swells and bulges.
The worker ant completely misses your rat.
The worker ant waves its antennae.
Found a scroll labelled RIGHIRGHIPIR.
A quokka skeleton comes into view.
An ogre comes into view. It is wielding a +0 giant spiked club.
Found 11 poisoned darts and 29 bolts.
A howler monkey comes into view.
Found a stone staircase leading down.
A wight comes into view. It is wielding a +3 falchion.
You see here 11 poisoned darts.
A centaur comes into view.
The centaur shouts!
You hear a howl!
The centaur wields a +0 shortbow.
The centaur shoots an arrow.
The arrow hits you!
* * * LOW HITPOINT WARNING * * *
Okay, then.
The centaur shoots an arrow.
The arrow hits you!
You die...

*#.......(.,,,...........,*,
###.......#,,............##**
####........,**,............†# *
##.........#****,.c..........##
#..Z.#.....# **...........$.# *
?.##.#.....######.............# *
..#....#...#.#...............####
.....F##..(.O............§.......
#....###....F.F.@................
##...# #.............#.....b...#.
#....# ##......z>.z.##....r#.....
.....## #...........##.........##
#...h.# ##..........###.#......#*
#...B.##*##.......###*###......#*
...r...#*........###.#####r....##
.#...hz##.......##*.....##......#
......h.#......,,**,.............


You could see an ogre, 2 bullfrogs, a centaur and 2 wights.

Vanquished Creatures
  A sky beast (D:5)
  An ogre (D:4)
  A centaur (D:5)
  A bullfrog (D:6)
  A scorpion (D:2)
  A howler monkey (D:5)
  A bullfrog skeleton (D:5)
  An orc wizard (D:4)
  A gnoll shaman (D:4)
  An iguana (D:4)
  2 worker ants
  3 gnolls (D:4)
  6 adders
  2 oozes
  3 worms
  A dart slug (D:2)
  4 leopard geckos
  5 orcs
  2 ball pythons (D:3)
  2 giant cockroaches
  11 hobgoblins
  4 jackals (D:4)
  3 bats
  7 frilled lizards
  A giant cockroach zombie (D:5)
  12 goblins
  7 kobolds
  7 rats
92 creatures vanquished.

Vanquished Creatures (collateral kills)
  An ogre (D:4)
  A bullfrog zombie (D:6)
  An orc wizard (D:4)
  An adder (D:3)
  An adder skeleton (D:5)
  2 orcs (D:4)
  2 jackals (D:4)
  A ball python skeleton (D:5)
  2 frilled lizards
  A quokka zombie (D:5)
13 creatures vanquished.

Vanquished Creatures (others)
  A dancing weapon (D:4)
  4 fungi (D:4)
  A plant (D:1)
  4 toadstools (D:4)
10 creatures vanquished.

Grand Total: 115 creatures vanquished

Notes
Turn   | Place    | Note
-------+----------+-------------------------------------------
     0 | D:1      | windgrace the Spriggan Enchanter began the quest for the
                  | Orb.
     0 | D:1      | Reached XP level 1. HP: 9/9 MP: 5/5
   254 | D:1      | Reached XP level 2. HP: 13/13 MP: 5/7
   373 | D:1      | Learned a level 2 spell: Ensorcelled Hibernation
  1211 | D:2      | Reached XP level 3. HP: 16/16 MP: 1/8
  1282 | D:2      | Reached skill level 5 in Stealth
  1978 | D:2      | Noticed a scorpion
  1982 | D:2      | Killed a scorpion
  1983 | D:2      | Reached XP level 4. HP: 21/21 MP: 6/10
  2715 | D:2      | Learned a level 3 spell: Tukima's Dance
  2717 | D:2      | Learned a level 1 spell: Summon Small Mammal
  3202 | D:3      | Reached XP level 5. HP: 24/24 MP: 11/11
  3353 | D:3      | Reached skill level 1 in Ice Magic
  4207 | D:4      | Noticed an ogre
  4229 | D:4      | Killed an ogre
  4230 | D:4      | Reached skill level 6 in Stealth
  4230 | D:4      | Reached skill level 5 in Hexes
  4230 | D:4      | Reached XP level 6. HP: 28/28 MP: 7/13
  4297 | D:4      | Reached skill level 1 in Summonings
  4486 | D:4      | Reached skill level 5 in Spellcasting
  4579 | D:4      | Found a staircase to the Ecumenical Temple.
  4586 | Temple   | Entered the Ecumenical Temple
  4783 | Temple   | Became a worshipper of Sif Muna the Loreminder
  4801 | D:4      | Found a basalt altar of Yredelemnul.
  5165 | D:5      | Entered Level 5 of the Dungeon
  5231 | D:5      | Noticed a sky beast
  5253 | D:5      | Killed a sky beast
  5254 | D:5      | Reached XP level 7. HP: 29/32 MP: 12/17
  5423 | D:5      | Reached * piety under Sif Muna
  5449 | D:5      | Reached skill level 7 in Stealth
  6078 | D:5      | Found a sacrificial altar of Ru.
  6078 | D:5      | Found a glowing silver altar of Zin.
  6579 | D:6      | Shot with an arrow by a centaur

Illustrated notes

Levels and vault maps discovered:
D:1:      minmay_arrival_doors, layout_basic, serial_forest,
          infiniplex_forest_clump_small, infiniplex_forest_lined_room_2,
          infiniplex_forest_clump_diagonal, infiniplex_forest_clump_double,
          infiniplex_forest_clump_double
D:2:      layout_loops_corners, corner_web_ring
D:3:      layout_loops_corners
D:4:      layout_rooms, nicolae_overflow_crystal_walls, temple_fountains,
          minmay_gold_behind_fungi
D:5:      layout_gridville, gammafunk_temple_overflow_statue
D:6:      layout_cave_pools
Temple:   nicolae_temple_elliptical

Skill      XL: |  1  2  3  4  5  6  7 |
---------------+----------------------+-----
Spellcasting   | 3 4 6 |  6.6
Hexes          | 4 5 |  5.5
Stealth        | 5 6 7 |  7.3
Ice Magic      | 1 |  1.4
Short Blades   | 2 |  2.5
Summonings     | 1 2 |  2.1
Fighting       | |  0.3
Throwing       | |  0.2
Dodging        | |  3.7

Action                   |  1- 3 |  4- 6 |  7- 9 || total
-------------------------+-------+-------+-------++-------
Melee: Dagger            |   100 |    83 |       ||   183
       Rapier            |       |    13 |    37 ||    50
Throw: Stone             |     4 |     4 |       ||     8
 Cast: Corona            |    12 |    17 |     6 ||    35
       Ensorcelled Hiber |    21 |    40 |     3 ||    64
       Summon Small Mamm |       |    82 |    45 ||   127
       Tukima's Dance    |       |     1 |       ||     1
  Use: Scroll            |       |     4 |     6 ||    10
       Potion            |       |       |     2 ||     2
 Stab: Sleeping          |    18 |    38 |     6 ||    62
       Distracted        |       |     1 |     1 ||     2
Armor: Robe              |     9 |     8 |     7 ||    24
Dodge: Dodged            |    65 |    93 |    68 ||   226
